 Dungeon Crawl Stone Soup version 0.28-a0-8-g6e044cfa68 (webtiles) character file.

Game seed: 9687695441317142069

349 Spaninq the Ruffian (level 6, -3/62 HPs)
             Began as a Troll Chaos Knight on July 24, 2021.
             Was a Plaything of Xom.
             Slain by an orc wizard (4 damage)
             ... on level 4 of the Dungeon.
             The game lasted 00:05:08 (2312 turns).

Spaninq the Ruffian (Troll Chaos Knight)            Turns: 2312, Time: 00:05:11

Health: -3/62      AC:  6    Str: 25    XL:     6   Next: 33%
Magic:  5/5        EV:  9    Int:  8    God:    Xom [*.....]
Gold:   93         SH:  0    Dex:  9    Spells: 5/5 levels left

rFire   . . .      SeeInvis .     - Unarmed
rCold   . . .      Faith    .   (no shield)
rNeg    . . .      Spirit   .   a - +2 robe
rPois   +          Reflect  .   (helmet restricted)
rElec   .          Harm     .   (no cloak)
rCorr   .          Rampage  .   (gloves unavailable)
Will    .....                   (boots unavailable)
Stlth   +.........              c - amulet of regeneration
HPRegen 2.20/turn               (no ring)
MPRegen 0.09/turn               (no ring)

@: lethally poisoned (-3 -> -5), attractive, flying, very slightly contaminated,
hasted, invisible, very quick
A: large, unfitting armour, claws 3, regeneration 1, shaggy fur 1, tough skin 1,
poison resistance, strong 1
a: Renounce Religion


You were on level 4 of the Dungeon.
You worshipped Xom.
You were a special plaything of Xom.
You visited 1 branch of the dungeon, and saw 4 of its levels.

You collected 93 gold pieces.

Inventory:

Armour
 a - a +2 robe (worn)
Jewellery
 c - an amulet of regeneration (around neck)
Scrolls
 b - 2 scrolls of identify {unknown}
 h - a scroll of blinking {unknown}
 m - a scroll of torment {unknown}
Potions
 e - a potion of curing {unknown}
 f - a potion of ambrosia {unknown}
 g - a potion of mutation
 i - a potion of degeneration {unknown}
 k - a potion of might {unknown}
 n - a potion of haste


   Skills:
 + Level 3.9 Fighting
 - Level 1.9 Dodging
 * Level 6.1 Unarmed Combat


You had 5 spell levels left.
You didn't know any spells.
Your spell library was empty.

Dungeon Overview and Level Annotations

Branches:
Dungeon (4/15)
 Temple: D:4-7

Altars:
Qazlal
Uskayaw
Xom


Innate Abilities, Weirdness & Mutations

You are too large for most types of armour.
You have claws for hands.
Your natural rate of healing is unusually fast.
You are covered in fur. (AC +1)
You have tough skin. (AC +1)
Your system is resistant to poisons. (rPois)
Your muscles are strong. (Str +2)


Message History

Your experience leads to an increase in your attributes!
Increase (S)trength, (I)ntelligence, or (D)exterity?
You feel stronger. x2
It was a potion of mutation.
You feel extremely strange.
You feel stronger.
Xom is amused.
You feel resistant to poisons.
Xom thinks this is hilarious!
You feel very sick. Something hits you but does no damage.
You are more poisoned.
An orc priest comes into view. It is wielding a +0 hand axe.
It was a potion of haste.
You feel yourself speed up.
Xom thinks this is hilarious!
* * * LOW HITPOINT WARNING * * *
You feel very sick.
The orc priest shouts!
The orc priest closely misses you. Something hits you but does no damage.
It was a potion of invisibility.
You fade into invisibility!
You feel sick.
The orc priest begins to cast a cantrip, but forgets the words!
Something hits you but does no damage.
You are lethally poisoned!
The orc priest hits you but does no damage.
You are very lightly contaminated with residual magic.
It was a potion of attraction.
You feel attractive to monsters.
Xom thinks this is hilarious!
* * * LOW HITPOINT WARNING * * *
You feel very sick.
An orc comes into view. It is wielding a +0 trident.
The orc priest looks braver for a moment.
It was a potion of flight.
You feel very buoyant.
You fly up into the air.
Xom roars with laughter!
* * * LOW HITPOINT WARNING * * *
You feel sick. The orc priest completely misses you. Something hits you.
You die...

.... ....
... #..
#..## #
#...#
#.##.o####o#
#....o{@oo.#
###.#)######
#..)<#
###)## #. #.
.. ##


You could see 3 orc priests and 2 orcs.

Vanquished Creatures
  An orc warrior (D:4)
  2 orc priests (D:3)
  Jessica (D:3)
  2 orc wizards (D:4)
  2 adders
  3 dart slugs (D:3)
  9 orcs
  4 endoplasms (D:1)
  5 giant cockroaches
  5 hobgoblins
  12 jackals
  9 ball pythons
  4 bats
  A frilled lizard (D:1)
  13 goblins
  3 kobolds
  5 rats
81 creatures vanquished.

Notes
Turn   | Place    | Note
-------+----------+-------------------------------------------
     0 | D:1      | Spaninq the Troll Chaos Knight began the quest for the Orb.
     0 | D:1      | Reached XP level 1. HP: 22/22 MP: 0/0
    70 | D:1      | XOM: potion effect (haste)
   110 | D:1      | Reached XP level 2. HP: 29/29 MP: 1/1
   197 | D:1      | Found a faded altar of an unknown god.
   506 | D:1      | XOM is BORED!
   521 | D:1      | Reached XP level 3. HP: 36/36 MP: 2/2
   702 | D:1      | Reached skill level 4 in Unarmed Combat
   837 | D:2      | XOM: silly message
  1005 | D:2      | XOM: scenery: create altars
  1060 | D:2      | XOM: noise
  1497 | D:3      | Found a hide-covered altar of Uskayaw.
  1537 | D:3      | Noticed Jessica
  1541 | D:3      | Killed Jessica
  1542 | D:3      | Reached XP level 4. HP: 41/45 MP: 3/3
  1627 | D:3      | XOM: enchant monster (good)
  1631 | D:3      | Reached skill level 5 in Unarmed Combat
  1634 | D:3      | Reached XP level 5. HP: 51/53 MP: 4/4
  1729 | D:3      | XOM: god gift: 18 stones
  1918 | D:3      | Found a stormy altar of Qazlal.
  2125 | D:3      | XOM: scenery: 2 doors open
  2167 | D:3      | XOM: summons 3 hostile demons
  2261 | D:4      | XOM: enchant monster (good)
  2297 | D:4      | Noticed an orc warrior
  2307 | D:4      | Killed an orc warrior
  2308 | D:4      | Reached skill level 6 in Unarmed Combat
  2308 | D:4      | Reached XP level 6. HP: 6/62 MP: 5/5
  2308 | D:4      | Gained mutation: Your muscles are strong. (Str +2) [potion
                  | of mutation]
  2308 | D:4      | Gained mutation: Your system is resistant to poisons.
                  | (rPois) [potion of mutation]
  2309 | D:4      | HP: 3/62 [poisoned by an orc wizard]
  2311 | D:4      | HP: 1/62 [poisoned by an orc wizard]
  2312 | D:4      | Slain by an orc wizard

Illustrated notes

Levels and vault maps discovered:
D:1:      matt_arrival_los_fun, layout_loops_ring,
          shapermc_ecumenical_altar_pompeii, st_stairs_11, minmay_tetromino_i4
D:2:      layout_loops_cross
D:3:      layout_basic, lemuel_crystal_altar, overflow_temple_1_default,
          fountainhead, uniq_jessica
D:4:      layout_basic, lemuel_round_altar, nicolae_gozag_seed_capital,
          led_sif_pool, uniq_ijyb

Skill      XL: |  1  2  3  4  5 |
---------------+----------------+-----
Unarmed Combat | 4 5 6 |  6.1
Fighting       | 3 |  3.9
Dodging        | |  1.9

Action                   |  1- 3 |  4- 6 || total
-------------------------+-------+-------++-------
Melee: Unarmed           |   120 |   115 ||   235
       Punch             |     2 |       ||     2
  Use: Potion            |       |     5 ||     5
Armor: Robe              |    64 |    50 ||   114
Dodge: Dodged            |    67 |    42 ||   109

Table legend: (Time is in decaauts)
 A = Elapsed time spent in this place.
 B = Non-inter-level travel time spent in this place.
 C = Inter-level travel time spent in this place.
 D = Time resting spent in this place.
 E = Time spent auto-exploring this place.
 F = Levels seen in this place.
 G = Mean time per level.
                   A        B        C        D        E       F      G
               +--------+--------+--------+--------+--------+-----+--------+
         Total |   2271 |   2160 |    111 |      0 |   1666 |   4 |  567.8 |
       Dungeon |   2271 |   2160 |    111 |      0 |   1666 |   4 |  567.8 |
               +--------+--------+--------+--------+--------+-----+--------+

Top non-repeatable levels by time:
     D:3: 843 daAuts
     D:1: 740 daAuts
     D:2: 639 daAuts
     D:4: 48 daAuts
